 Dungeon Crawl Stone Soup version 0.24-a0-235-g3f03afc (webtiles) character file.

Game seed: 9923133512701946914

1 MatthieuS the Grave Robber (level 1, 0/14 HPs)
             Began as a Hill Orc Necromancer on Apr 5, 2019.
             Slain by a jackal (2 damage)
             ... on level 1 of the Dungeon.
             The game lasted 00:00:47 (182 turns).

MatthieuS the Grave Robber (Hill Orc Necromancer)    Turns: 182, Time: 00:00:48

Health: 0/14       AC:  2    Str: 10    XL:     1   Next: 20%
Magic:  2/3        EV: 12    Int: 15    God:
Gold:   25         SH:  0    Dex: 11    Spells: 2/3 levels left

rFire    . . .     SeeInvis .   c - +0 hand axe
rCold    . . .     Gourm    .   (no shield)
rNeg     . . .     Faith    .   a - +0 robe
rPois    .         Spirit   .   (no helmet)
rElec    .         Reflect  .   (no cloak)
rCorr    .         Harm     .   (no gloves)
MR       .....                  (no boots)
Stlth    ++........             (no amulet)
HPRegen  0.04/turn              (no ring)
MPRegen  0.08/turn              (no ring)

@: no status effects
A: no striking features
a: no special abilities


You were on level 1 of the Dungeon.
You were not hungry.

You visited 1 branch of the dungeon, and saw 1 of its levels.

You collected 25 gold pieces.

Inventory:

Hand Weapons
 c - a +0 hand axe (weapon)
   (You found it on level 1 of the Dungeon)
Armour
 a - a +0 robe (worn)
Scrolls
 b - a scroll of enchant weapon {unknown}
 d - 2 scrolls of identify {unknown}
Comestibles
 e - 2 rations


   Skills:
 + Level 0.1 Axes
 - Level 1.5 Dodging
 - Level 1.5 Stealth
 * Level 1.6 Spellcasting
 + Level 4.0 Necromancy


You had 2 spell levels left.
You knew the following spells:

 Your Spells              Type           Power        Failure   Level  Hunger
a - Pain                  Necr           ##..         4%          1    ##.....

Your spell library contained the following spells:

 Spells                   Type           Power        Failure   Level  Hunger
 Animate Skeleton         Necr           N/A          4%          1    ##.....
 Vampiric Draining        Necr           ##........   13%         3    ####...
 Regeneration             Chrm/Necr      #.........   30%         3    ####...
 Animate Dead             Necr           N/A          41%         4    #####..


Dungeon Overview and Level Annotations

Branches:
Dungeon (1/15)

Altars:


Message History

Found a scroll labeled ODIAWE DATOQ and 11 gold pieces.
There is an open door here.
d - a scroll labeled ODIAWE DATOQ You now have 11 gold pieces.
Found a ring mail and a ration.
e - 2 rations (gained 1)
Found 9 gold pieces.
You now have 20 gold pieces (gained 9).
Found a scroll labeled ODIAWE DATOQ.
d - 2 scrolls labeled ODIAWE DATOQ (gained 1)
There is an open door here.
You see here 24 bolts.
Found 5 gold pieces.
You now have 25 gold pieces (gained 5). 3 jackals come into view.
The jackal barks! x2
The jackal misses you.
The jackal barks!
There are monsters nearby!
Aim: a jackal (chance to defeat MR: 83%)
The jackal writhes in agony.
The jackal bites you.
You closely miss the jackal.
The jackal bites you but does no damage.
The jackal barely misses you.
You closely miss the jackal. The jackal bites you.
The jackal barely misses you.
You barely miss the jackal. The jackal bites you. x2
* * * LOW HITPOINT WARNING * * *
You hit the jackal. The jackal barely misses you. x2
You hit the jackal. The jackal bites you.
* * * LOW HITPOINT WARNING * * *
The jackal completely misses you.
You hit the jackal. The jackal barely misses you.
The jackal closely misses you.
You hit the jackal.
You kill the jackal!
The jackal barely misses you.
You barely miss the jackal. The jackal closely misses you.
The jackal barely misses you.
You hit the jackal. The jackal closely misses you. x2
You closely miss the jackal. The jackal barely misses you.
You barely miss the jackal. The jackal bites you.
* * * LOW HITPOINT WARNING * * *
The jackal bites you.
* * * LOW HITPOINT WARNING * * *
You closely miss the jackal. The jackal completely misses you.
The jackal barely misses you.
Aim: a jackal (heavily wounded, chance to defeat MR: 83%)
The jackal writhes in agony.
The jackal bites you.
You die...

#(#######...........
#.........########.#
#########.# .. #.#
.# #.# .. #.# .# #.#
.# #.#######.#
#......@hh#
###########


You could see 2 jackals.

Vanquished Creatures
  A jackal (D:1)
1 creature vanquished.

Notes
Turn   | Place    | Note
-------+----------+-------------------------------------------
     0 | D:1      | MatthieuS the Hill Orc Necromancer began the quest for the
                  | Orb.
     0 | D:1      | Reached XP level 1. HP: 14/14 MP: 3/3
   182 | D:1      | Slain by a jackal

Levels and vault maps discovered:
D:1:      noname_arrival_rooms_in_the_neighbourhood, layout_basic

Action                   || total
-------------------------++-------
Melee: Hand axe          ||    12
 Cast: Pain              ||     2
Armor: Robe              ||     1
Dodge: Dodged            ||    16

Table legend:
 A = Non-vault XP
 B = Vault XP
 C = Vault XP percentage of total XP
 D = Non-vault monster count
 E = Vault monster count
 F = Vault count percentage of total count
                 A         B        C        D         E       F
            +---------+---------+-------+---------+---------+-------
      Total |       2 |       0 |   0.0 |       1 |       0 |   0.0
            +---------+---------+-------+---------+---------+-------
        D:1 |       2 |       0 |   0.0 |       1 |       0 |   0.0
            +---------+---------+-------+---------+---------+-------
